 Dungeon Crawl Stone Soup version 0.17.2-1-ge4368a0 (webtiles) character file.

1860 Esperanza the Skirmisher (level 8, -6/68 HPs)
             Began as a Mummy Monk on Apr 10, 2017.
             Mangled by an ettin
             ... wielding a +0 dire flail
              (8 damage)
             ... on level 5 of the Dungeon.
             The game lasted 00:20:46 (16453 turns).

Esperanza the Skirmisher (Mummy Monk)              Turns: 16453, Time: 00:20:46

Health: -6/68      AC:  1    Str: 14    XL:     8   Next: 89%
Magic:  8/8        EV: 16    Int:  9    God:
Gold:   245        SH:  0    Dex: 17    Spells: 0 memorised, 7 levels left

rFire  x . .     SeeInvis .       - Unarmed
rCold  + . .     Clarity  .     (no armour)
rNeg   + + +     SustAt   .     (no shield)
rPois  ∞         Gourm    .     (no helmet)
rElec  .         Spirit   .     b - +0 cloak
rCorr  .         Warding  .     (no gloves)
rMut   .         Stasis   .     (no boots)
MR     +....                    (no amulet)
Stlth  ++........               (no ring)
                                (no ring)

@: somewhat resistant to hostile enchantments, unstealthy
A: no food or potions, fire vulnerability, cold resistance 1, negative energy
resistance 3, torment resistance, unbreathing
a: no special abilities


You were on level 5 of the Dungeon.
You were not hungry.

You visited 1 branch of the dungeon, and saw 5 of its levels.

You collected 245 gold pieces.


Innate Abilities, Weirdness & Mutations

You do not eat or drink.
Your flesh is vulnerable to fire.
You are immune to poison.
Your flesh is cold resistant.
You are immune to negative energy.
You are immune to unholy pain and torment.
You can survive without breathing.


   Skills:
 + Level 7.7 Fighting
 - Level 6.2 Dodging
 - Level 1.5 Stealth
 - Level 6.0 Unarmed Combat


You had 7 spell levels left.
You didn't know any spells.

Inventory:

Hand Weapons
 i - a +0 club
Armour
 b - a +0 cloak (worn)
 j - a +0 robe
Jewellery
 e - an uncursed ring of ice
Scrolls
 a - 2 scrolls of enchant weapon {unknown}
 c - 4 scrolls of teleportation {unknown}
 d - a scroll of fear
 f - 5 scrolls of amnesia
 g - a scroll of recharging {unknown}
 h - a scroll of fog
 k - 2 scrolls of noise {unknown}
 l - a scroll of enchant armour {unknown}
 m - a scroll of immolation {!r}
 n - 2 scrolls of remove curse
 o - a scroll of blinking

Dungeon Overview and Level Annotations

Branches:
Dungeon (5/15)
 Temple: D:4-7

Altars:
Makhleb
Qazlal
Trog
Vehumet

Annotations:
D:5 Eustachio, Grinder

,,,,,,░ ▒▒....▒▒ ▒....
,,,,,,,▒▒▒.▒..▒▒ ▒▒....
,,,,...▒....▒▒▒ ▒.....
,,,,.........▒▒ ▒▒....
,,,,..........▒▒ ▒▒▒..
,,,,.▒▒▒..▒....▒▒ ▒▒▒ ░░,░
▒▒.▒▒▒....▒▒ ▒ ░
▒..▒▒..▒...▒▒▒▒▒▒▒▒▒▒▒
▒▒.▒.....M...▒........▒▒▒
▒▒........C.)............▒
▒▒▒...........▒...........▒░
▒▒▒............(▒▒..........▒
▒▒...............▒▒▒........▒░
░
▒................▒▒▒▒.......▒
░▒ ░▒▒..............(▒
▒......▒▒ ▒.
▒................▒
▒▒.....(▒▒▒.
▒................▒ ▒.......▒..


You could see an ettin.


Message History

Deactivating autopickup; reactivate with Ctrl-A!
You beat something into a bloody pulp!
You miss something! Something barely misses you!
You closely miss something!
You hear some strange, mumbled words!
Something tries to affect you, but you resist!
You miss something!
You hear some strange, mumbled words!
Something tries to affect you, but you resist!
You pulverise something!
Something hits you but does no damage!
You pummel something like a punching bag!!!
Reactivating autopickup!
You feel a bit more experienced!
Things that are here:
a dagger; a robe; an orc corpse An ettin comes into view!
It is wielding a dire flail and a dire flail of holy wrath!
The ettin shouts in stereo!!!
The ettin hits you with a dire flail!!!!!!!!!
DANG * * * don't die
* * * The ettin closely misses you!
You take 39 damage, and have 19/68 hp!
MASSIVE DAMAGE!!!!!!
Enter note: gotcha Unknown command!
Unknown command!
The ettin closely misses you!
The ettin hits you with a dire flail of holy wrath!!!!!! * * * don't die
* * * You convulse!!! rip

Action                   |  1- 3 |  4- 6 |  7- 9 || total
-------------------------+-------+-------+-------++-------
Melee: Unarmed           |   121 |   296 |   486 ||   903
  Use: Scroll            |       |       |     6 ||     6
 Stab: Sleeping          |     4 |     6 |     1 ||    11

Vault maps used:
D:1:      minmay_arrival_wavy_path
D:2:      lemuel_crystal_altar, roderic_serpentine_path, uniq_jessica
D:3:      vehumet_crystals
D:4:      wad_floor_pattern_2
D:5:      nicolae_overflow_crystal_walls, first_bread,
          small_statue_intersection, trog_wizard, uniq_grinder, uniq_eustachio,
          uniq_sigmund

Notes
Turn   | Place    | Note
--------------------------------------------------------------
     0 | D:1      | Esperanza the Mummy Monk began the quest for the Orb.
     0 | D:1      | Reached XP level 1. HP: 18/18 MP: 1/1
   686 | D:1      | Reached XP level 2. HP: 24/24 MP: 2/2
  1188 | D:1      | Reached skill level 4 in Unarmed Combat
  1274 | D:2      | Reached XP level 3. HP: 6/29 MP: 3/3
  1277 | D:2      | Found a stormy altar of Qazlal.
  1308 | D:2      | HP: 1/29 [ooze (5)]
  2194 | D:2      | You fall through a shaft for 2 floors!
  2337 | D:4      | Noticed a phantom
  2340 | D:5      | Entered Level 5 of the Dungeon
  2597 | D:5      | Reached XP level 4. HP: 30/35 MP: 4/4
  2646 | D:5      | Found a burning altar of Makhleb.
  2700 | D:5      | Noticed Sigmund
  2800 | D:5      | Noticed Eustachio
  3472 | D:2      | Reached skill level 5 in Unarmed Combat
  3960 | D:2      | Noticed Jessica
  3972 | D:2      | Killed Jessica
  3972 | D:2      | Reached XP level 5. HP: 28/41 MP: 5/5
  5176 | D:3      | Found a radiant altar of Vehumet.
  5414 | D:3      | HP: 3/42 [orc wizard/magic dart (7)]
  5702 | D:3      | Reached skill level 4 in Fighting
  5882 | D:2      | Reached XP level 6. HP: 33/49 MP: 6/6
  6721 | D:4      | Reached skill level 5 in Fighting
  7230 | D:5      | HP: 5/51 [orc wizard/enchanted dagger (3)]
  7232 | D:5      | HP: 1/51 [orc wizard/puff of frost (4)]
  7235 | D:5      | Reached skill level 3 in Dodging
  8354 | D:3      | Found a radiant altar of Vehumet.
  9044 | D:3      | Reached XP level 7. HP: 54/56 MP: 7/7
  9858 | D:4      | Reached skill level 4 in Dodging
 10411 | D:5      | Noticed an ogre
 10924 | D:4      | HP: 4/56 [phantom (10)]
 11526 | D:5      | Noticed a sky beast
 12238 | D:4      | Killed a phantom
 12703 | D:4      | Reached skill level 6 in Fighting
 13215 | D:5      | Found a bloodstained altar of Trog.
 13227 | D:5      | Noticed a wizard
 13276 | D:4      | Reached XP level 8. HP: 20/64 MP: 8/8
 13317 | D:4      | Reached skill level 6 in Unarmed Combat
 14095 | D:5      | Reached skill level 7 in Fighting
 14196 | D:5      | Killed an ogre
 14196 | D:5      | Reached skill level 5 in Dodging
 14701 | D:5      | Noticed Grinder
 15566 | D:5      | Killed Sigmund
 15566 | D:5      | Reached skill level 6 in Dodging
 15767 | D:5      | Found a bloodstained altar of Trog.
 15772 | D:5      | Killed a wizard
 15972 | D:5      | Killed a sky beast
 16442 | D:5      | Noticed an ettin
 16446 | D:5      | gotcha
 16453 | D:5      | HP: 2/68 [ettin/dire flail (18)]
 16453 | D:5      | Mangled by an ettin

Vanquished Creatures
  Sigmund (D:5)
  A sky beast (D:5)
  A necrophage (D:4)
  A phantom (D:4)
  3 ogres
  2 scorpions
  A jelly (D:5)
  A crimson imp (D:5)
  3 hounds (D:4)
  4 orc priests
  3 iguanas
  7 orc wizards
  Jessica (D:2)
  7 worker ants
  A hound skeleton (D:5)
  A worker ant zombie (D:5)
  13 adders
  4 gnolls (D:4)
  An ooze (D:2)
  2 adder zombies (D:5)
  3 worms
  2 giant geckos
  20 orcs
  3 giant cockroaches
  6 goblins
  8 hobgoblins
  8 kobolds
  A quokka (D:1)
  2 ball pythons
  6 bats
  A giant gecko skeleton (D:5)
  8 giant newts
  A jackal skeleton (D:4)
  7 rats
134 creatures vanquished.

Vanquished Creatures (others)
  A wizard (D:5)
1 creature vanquished.

Grand Total: 135 creatures vanquished
